 Dungeon Crawl Stone Soup version 0.30-a0-1085-g990a428a5c (webtiles) character file.

Game seed: 10228179971208406915

4728 mandoloar the Conjurer (level 10, -8/69 HPs)
             Began as an Octopode Conjurer on Apr 16, 2023.
             Shot with an arrow by a centaur (14 damage)
             ... on level 6 of the Dungeon.
             The game lasted 00:30:47 (10256 turns).

mandoloar the Conjurer (Octopode Conjurer)         Turns: 10256, Time: 00:30:47

Health: -8/69      AC:  1    Str:  6    XL:     10   Next: 46%
Magic:  10/19      EV: 15    Int: 26    God:
Gold:   309        SH:  0    Dex: 10    Spells: 10/21 levels left

rFire   . . .      SeeInvis .    (no weapon)
rCold   + . .      Faith    .    (no shield)
rNeg    . . .      Spirit   .    (helmet restricted)
rPois   .          Reflect  .    s - amulet of magic regeneration
rElec   .          Rampage  .    n - ring of protection from cold
rCorr   .                        (no ring)
Will    .....                    (no ring)
Stlth   ++++                     (no ring)
HPRegen 0.31/turn                (no ring)
MPRegen 0.56/turn                (no ring)
                                 (no ring)
                                 (no ring)

@: very slightly contaminated
A: almost no armour, amphibious, 8 rings, camouflage 1, gelatinous body 1,
(nimble swimmer 1), tentacles
a: no special abilities


You were on level 6 of the Dungeon.
You visited 1 branch of the dungeon, and saw 6 of its levels.

You collected 309 gold pieces.

Inventory:

Missiles
 c - 2 atropa-tipped darts
 f - 7 poisoned darts
 k - 3 silver boomerangs
 l - 19 boomerangs
 o - 11 javelins
Jewellery
 n - a ring of protection from cold (left tentacle)
 s - an amulet of magic regeneration (around mantle)
Wands
 e - a wand of mindburst (13)
 q - a wand of polymorph (9)
 r - a wand of acid (7)
 y - a wand of flame (16)
Scrolls
 b - a scroll of enchant weapon
 g - 3 scrolls of teleportation
 m - a scroll of enchant armour
 v - a scroll of magic mapping
 w - a scroll of amnesia
 z - a scroll of identify
 A - a scroll of poison {unknown}
 C - a scroll of torment
Potions
 a - 2 potions of magic
 d - 4 potions of curing
 h - a potion of heal wounds
 i - a potion of might
 j - a potion of brilliance
 p - 2 potions of flight
 t - 2 potions of mutation {unknown}
 u - a potion of invisibility {unknown}
 x - a potion of berserk rage {unknown}
 B - a potion of attraction {unknown}


   Skills:
 + Level 6.4 Fighting
 + Level 6.8 Dodging
 - Level 5.0 Stealth
 + Level 6.2 Spellcasting
 + Level 7.7 Conjurations
 - Level 5.0 Hexes
 + Level 4.2 Translocations


You had 10 spell levels left.
You knew the following spells:

 Your Spells              Type           Power      Damage    Failure   Level
a - Magic Dart            Conj           100%       1d8       1%          1
b - Searing Ray           Conj           96%        2d7       1%          2
c - Fulminant Prism       Conj/Hex       20%        3d12      4%          4
d - Iskenderun's Mystic   Conj/Tloc      39%        2d9       6%          4

Your spell library contained the following spells:

 Spells                   Type           Power      Damage    Failure   Level
 Dazzling Flash           Conj/Hex       82%        N/A       1%          3
 Mephitic Cloud           Conj/Pois/Air  21%        N/A       7%          3
 Call Imp                 Summ           16%        N/A       11%         2
 Scorch                   Fire           16%        2d5       11%         2
 Flame Wave               Conj/Fire      28%        2d9       14%         4
 Frozen Ramparts          Ice            16%        1d3       21%         3
 Ice Form                 Ice/Tmut       8%         N/A       56%         4
 Summon Ice Beast         Ice/Summ       8%         N/A       56%         4
 Summon Cactus Giant      Summ           4%         N/A       100%        6


Dungeon Overview and Level Annotations

Branches:
Dungeon (6/15)
 Temple: D:4-7

Altars:
Ashenzari
Fedhas
Makhleb
Okawaru
Ru
Sif Muna
Vehumet
Xom

Shops:
D:6 [*


Innate Abilities, Weirdness & Mutations

You cannot wear most types of armour.
You are amphibious.
You can wear up to eight rings at the same time.
Your skin changes colour to match your surroundings (Stealth+).
Your rubbery body absorbs attacks. (AC +1, EV +1)
((You are camouflaged when in or above water. (Stealth+)))
You have tentacles for arms and can constrict up to eight enemies at once.


Message History

Confirm with . or Enter, or press ? or * to list all spells.
Aiming: Fulminant Prism (dangerous; 4% risk of failure)
Press: ? - help, Dir - move target You conjure a prism of explosive energy!
A fulminant prism comes into view.
The centaur shoots an arrow.
The arrow hits your fulminant prism!!
Your fulminant prism detonates feebly.
Casting: Fulminant Prism (dangerous; 4% risk of failure)
Confirm with . or Enter, or press ? or * to list all spells.
Aiming: Fulminant Prism (dangerous; 4% risk of failure)
Press: ? - help, Dir - move target You miscast Fulminant Prism.
You are very lightly contaminated with residual magic.
Nothing appears to happen.
The centaur shoots an arrow.
The arrow hits you!
Casting: Fulminant Prism (dangerous; 4% risk of failure)
Confirm with . or Enter, or press ? or * to list all spells.
Aiming: Fulminant Prism (dangerous; 4% risk of failure)
Press: ? - help, Dir - move target You conjure a prism of explosive energy!
A fulminant prism comes into view.
The centaur shoots an arrow.
The arrow hits you.
The centaur shoots an arrow.
The arrow hits you!
Your fulminant prism crackles loudly.
Your fulminant prism explodes!
The blast of energy engulfs the centaur!!
The centaur is almost dead.
You hear a shout!
The centaur shoots an arrow.
The arrow hits you!!
Casting: Fulminant Prism (dangerous; 4% risk of failure)
Confirm with . or Enter, or press ? or * to list all spells.
Aiming: Fulminant Prism (dangerous; 4% risk of failure)
Press: ? - help, Dir - move target You conjure a prism of explosive energy!
A fulminant prism comes into view.
The centaur shoots an arrow.
The arrow hits you!!
* * * LOW HITPOINT WARNING * * *
Your fulminant prism crackles loudly.
The centaur shoots an arrow.
The arrow hits you!
You die...

## ###### #. #....# #.
#....# . .. #. #....# .
.....#. #....# ...
.....#.####....###.....
........c......@.......
#........*.#######.....
................... #..
#..................
...............>...
#..................
#....##..#.........
#....##.∩#.........
#..............)... #.#


You could see a centaur (ally target) and a friendly fulminant prism.

Vanquished Creatures
  A two-headed ogre (D:5)
  Grinder (D:3)
  Sigmund (D:4)
  A wraith (D:6)
  6 yaks
  Menkaure (D:6)
  An acid dragon (D:6)
  Pargi (D:4)
  An ice beast (D:6)
  An ogre (D:6)
  A phantom (D:5)
  Blork the orc (D:6)
  2 bullfrogs (D:6)
  9 scorpions
  5 necrophages (D:5)
  A water moccasin zombie (D:5)
  A crimson imp (D:5)
  4 jellies
  6 hounds
  7 orc priests
  A gnoll bouda (D:6)
  A scorpion zombie (D:5)
  Jessica (D:2)
  2 iguanas (D:6)
  Ijyb (D:4)
  6 orc wizards
  Robin (D:4)
  9 gnolls
  7 adders
  A shadow imp (D:6)
  A white imp (D:6)
  A worm (D:4)
  2 dart slugs
  19 orcs
  5 bats (D:2)
  11 endoplasms
  5 giant cockroaches
  14 goblins
  13 hobgoblins
  9 jackals
  6 kobolds
  3 quokkas
  8 ball pythons
  4 frilled lizards
  7 rats
190 creatures vanquished.

Vanquished Creatures (others)
  6 bushes (D:5)
  65 fulminant prisms
  17 plants
88 creatures vanquished.

Grand Total: 278 creatures vanquished

Notes
Turn   | Place    | Note
-------+----------+-------------------------------------------
     0 | D:1      | mandoloar the Octopode Conjurer began the quest for the
                  | Orb.
     0 | D:1      | Reached XP level 1. HP: 11/11 MP: 3/3
   302 | D:1      | Reached XP level 2. HP: 9/17 MP: 0/5
   394 | D:1      | You fall into a shaft and drop 1 floor!
   474 | D:2      | Learned a level 2 spell: Searing Ray
   802 | D:1      | Reached XP level 3. HP: 22/22 MP: 2/6
  1327 | D:1      | Reached skill level 1 in Fighting
  1762 | D:2      | Reached XP level 4. HP: 28/28 MP: 1/7
  2293 | D:2      | Noticed Jessica
  2296 | D:2      | Killed Jessica
  2297 | D:2      | Reached XP level 5. HP: 34/34 MP: 1/9
  2767 | D:2      | Learned a level 4 spell: Fulminant Prism
  3209 | D:3      | Found an iron altar of Okawaru.
  3271 | D:3      | Noticed Grinder
  3273 | D:3      | Paralysed by Grinder for 3 turns
  3290 | D:3      | Killed Grinder
  3291 | D:3      | Reached XP level 6. HP: 18/41 MP: 3/10
  3455 | D:3      | Reached skill level 5 in Conjurations
  3580 | D:3      | Found a faded altar of an unknown god.
  3633 | D:3      | Reached skill level 5 in Stealth
  3971 | D:4      | Noticed Sigmund
  4179 | D:3      | Reached XP level 7. HP: 43/45 MP: 8/12
  4731 | D:4      | Upgraded the game from 0.30-a0-1082-g70414cbcbb to
                  | 0.30-a0-1085-g990a428a5c
  4774 | D:4      | Reached skill level 1 in Hexes
  5167 | D:4      | Noticed Ijyb
  5180 | D:4      | Killed Ijyb
  5313 | D:4      | Noticed Robin
  5320 | D:4      | Killed Robin
  5340 | D:4      | Noticed Pargi
  5522 | D:4      | Killed Pargi
  5831 | D:4      | Killed Sigmund
  5832 | D:4      | Reached XP level 8. HP: 32/54 MP: 10/14
  6132 | D:4      | Found a shimmering blue altar of Sif Muna.
  6132 | D:4      | Found a radiant altar of Vehumet.
  6388 | D:5      | Entered Level 5 of the Dungeon
  7009 | D:5      | Reached skill level 6 in Conjurations
  7240 | D:5      | Reached skill level 5 in Dodging
  7379 | D:5      | Found a sacrificial altar of Ru.
  7606 | D:5      | Noticed a two-headed ogre
  7636 | D:5      | Noticed a yak
  7637 | D:5      | Noticed a yak
  7742 | D:4      | Learned a level 4 spell: Iskenderun's Mystic Blast
  7904 | D:5      | Noticed a yak
  7931 | D:5      | Noticed a yak
  7934 | D:5      | Killed a yak
  7935 | D:5      | Reached XP level 9. HP: 6/59 MP: 6/16
  8216 | D:5      | Reached skill level 1 in Translocations
  8402 | D:5      | Found a burning altar of Makhleb.
  8404 | D:5      | Found a shimmering altar of Xom.
  8414 | D:5      | Reached skill level 5 in Spellcasting
  8425 | D:5      | Reached skill level 5 in Fighting
  8888 | D:5      | Reached skill level 7 in Conjurations
  8983 | D:5      | Killed a two-headed ogre
  8984 | D:5      | Reached skill level 5 in Hexes
  8984 | D:5      | Reached XP level 10. HP: 68/68 MP: 7/18
  9069 | D:5      | Found a blossoming altar of Fedhas.
  9365 | D:6      | Found a broken altar of Ashenzari.
  9464 | D:6      | Found Wigecuos's Assorted Antiques.
  9535 | D:6      | Noticed Menkaure
  9541 | D:6      | Killed Menkaure
 10150 | D:6      | Noticed Blork the orc
 10156 | D:6      | Killed Blork the orc
 10220 | D:6      | Found Uzet's Antique Armour Emporium.
 10256 | D:6      | Shot with an arrow by a centaur

Illustrated notes

Levels and vault maps discovered:
D:1:      lemuel_arrival_hallway, layout_basic
D:2:      layout_loops_ring, serial_bayou, serial_bayou_pond_a,
          serial_bayou_shore_b, serial_bayou_pond_e, serial_bayou_crossing,
          minmay_3d_cube, uniq_jessica
D:3:      layout_rooms, kennysheep_okawaru_gauntlet,
          dreamdust_ecumenical_altar_grove, uniq_grinder
D:4:      layout_loops_corners, gammafunk_temple_overflow_pools,
          minmay_misc_feat_alley, nicolae_goblin_pals, uniq_pargi, uniq_sigmund
D:5:      nicolae_cairo_tiling, layout_basic,
          grunt_temple_overflow_champion_of_chaos, fedhas_altar_decomposition,
          nicolae_ru_path_of_blood
D:6:      cheibrodos_fzero, layout_basic, ashenzari_altar_1, serial_shops, shop,
          nicolae_shop_tiny_real_fake_doors, shop, shop,
          uniq_crazy_yiuf_cottage, uniq_menkaure, uniq_blork_the_orc

Skill      XL: |  1  2  3  4  5  6  7  8  9 10 |
---------------+-------------------------------+-----
Stealth        | 3 4 5 |  5.0
Fighting       | 1 2 3 4 5 6 |  6.4
Dodging        | 3 4 5 6 |  6.8
Spellcasting   | 3 4 5 6 |  6.2
Conjurations   | 5 6 7 |  7.7
Hexes          | 2 3 5 |  5.0
Translocations | 3 4 |  4.2

Action                     |  1- 3 |  4- 6 |  7- 9 | 10-12 || total
---------------------------+-------+-------+-------+-------++-------
  Melee: Unarmed           |     9 |     3 |     1 |     1 ||    14
         Constrict         |     4 |     1 |       |       ||     5
         Tentacles         |     3 |     1 |     1 |       ||     5
   Cast: Magic Dart        |    58 |    64 |    78 |    19 ||   219
         Searing Ray       |     3 |    14 |    33 |     5 ||    55
         Fulminant Prism   |       |       |    33 |    33 ||    66
         Iskenderun's Myst |       |       |     8 |     9 ||    17
    Use: Potion            |       |     1 |       |       ||     1
         Scroll            |       |     4 |    11 |     1 ||    16
 Armour: Skin              |       |     2 |     2 |     1 ||     5
  Dodge: Dodged            |    10 |    19 |    31 |     5 ||    65

Table legend: (Time is in decaauts)
 A = Elapsed time spent in this place.
 B = Non-inter-level travel time spent in this place.
 C = Inter-level travel time spent in this place.
 D = Time resting spent in this place.
 E = Time spent auto-exploring this place.
 F = Levels seen in this place.
 G = Mean time per level.
                   A        B        C        D        E       F      G
               +--------+--------+--------+--------+--------+-----+--------+
         Total |  10276 |   9639 |    637 |   3856 |   4273 |   6 | 1712.7 |
       Dungeon |  10276 |   9639 |    637 |   3856 |   4273 |   6 | 1712.7 |
               +--------+--------+--------+--------+--------+-----+--------+

Top non-repeatable levels by time:
     D:4: 3338 daAuts
     D:5: 2142 daAuts
     D:1: 1424 daAuts
     D:2: 1398 daAuts
     D:3: 1089 daAuts
     D:6: 883 daAuts
